 Dungeon Crawl Stone Soup version 0.24.0-1-gfbc8707 (webtiles) character file.

Game seed: 12394478403676122860, levelgen mode: deterministic

1173 Buxparty the Skirmisher (level 8, -5/64 HPs)
             Began as a Mummy Gladiator on Jan 3, 2020.
             Was an Initiate of Gozag.
             Slain by an orc warrior
             ... wielding a +0 glaive
              (7 damage)
             ... on level 6 of the Dungeon.
             The game lasted 00:13:47 (6596 turns).

Buxparty the Skirmisher (Mummy Gladiator)           Turns: 6596, Time: 00:13:47

Health: -5/64      AC: 13    Str: 19    XL:     8   Next: 18%
Magic:  8/8        EV:  9    Int:  8    God:    Gozag
Gold:   348        SH:  0    Dex: 13    Spells: 7/7 levels left

rFire    + . .     SeeInvis .   j - +4 short sword
rCold    + . .     Gourm    .   (no shield)
rNeg     + + +     Faith    .   w - +1 chain mail {rF+}
rPois    ∞         Spirit   .   x - +1 hat
rElec    .         Reflect  .   m - +0 cloak
rCorr    .         Harm     .   n - +0 pair of gloves
MR       +....                  (no boots)
Stlth    ..........             (no amulet)
HPRegen  0.20/turn              q - ring of protection from fire
MPRegen  0.11/turn              (no ring)

@: no status effects
A: no food or potions, fire vulnerability, cold resistance 1, negative energy
resistance 3, torment resistance, unbreathing
a: Potion Petition, Call Merchant, Bribe Branch, Renounce Religion


You were on level 6 of the Dungeon.
You worshipped Gozag.
Gozag was aware of your devotion.
You were not hungry.

You visited 1 branch of the dungeon, and saw 6 of its levels.
You also visited: Ossuary.

You collected 406 gold pieces.
You paid 58 gold pieces to Gozag.

Inventory:

Hand Weapons
 a - a +0 rapier
 j - a +4 short sword (weapon)
 k - a +0 vampiric dagger
Missiles
 d - 4 throwing nets (quivered)
 e - 10 poisoned darts
Armour
 b - a +0 leather armour
 c - a +0 helmet
 m - a +0 cloak (worn)
 n - a +0 pair of gloves (worn)
 w - a +1 chain mail of fire resistance (worn)
 x - a +1 hat (worn)
Jewellery
 q - a ring of protection from fire (left hand)
Wands
 l - a wand of iceblast (13)
Scrolls
 f - 4 scrolls of enchant armour {unknown}
 g - a scroll of fear {unknown}
 h - a scroll of noise {unknown}
 i - 7 scrolls of identify {unknown}
 o - a scroll of enchant weapon {unknown}
 p - 3 scrolls of remove curse {unknown}
 r - 6 scrolls of random uselessness {unknown}
 s - 6 scrolls of immolation {unknown}
 t - 2 scrolls of vulnerability {unknown}
 u - a scroll of teleportation {unknown}
 v - a scroll of amnesia {unknown}


   Skills:
 + Level 5.7 Fighting
 + Level 5.1 Short Blades
 - Level 1.5 Throwing
 * Level 2.9 Armour
 - Level 4.5 Dodging


You had 7 spell levels left.
You didn't know any spells.
Your spell library was empty.

Dungeon Overview and Level Annotations

Branches:
Dungeon (6/15)            Ossuary (visited)
 Temple: D:4-7

Altars:
Cheibriados
Gozag
Okawaru
Qazlal
Xom


Innate Abilities, Weirdness & Mutations

You do not eat or drink.
Your flesh is vulnerable to fire.
You are immune to poison.
Your flesh is cold resistant. (rC+)
You are immune to negative energy. (rN+++)
You are immune to unholy pain and torment.
You can survive without breathing.


Message History

The orc hits you but does no damage.
You hit the orc warrior but do no damage.
The orc warrior is severely wounded.
The orc warrior hits you with a +0 glaive.
* * * LOW HITPOINT WARNING * * *
The orc barely misses you.
You hit the orc warrior but do no damage.
The orc warrior is severely wounded.
The orc warrior hits you with a +0 glaive.
* * * LOW HITPOINT WARNING * * *
The orc hits you with a +0 dagger.
* * * LOW HITPOINT WARNING * * *
You closely miss the orc warrior.
The orc warrior is severely wounded.
The orc hits you but does no damage.
You hit the orc warrior.
The orc warrior is almost dead.
The orc warrior hits you with a +0 glaive!
You die...
Your body crumbles into a pile of gold.

#. ##. #.# ... ...
#.# #.. ....# #.#
#.# ....# #.# #.#
#.#.# #.# #.#
#.#.####.#####
...####o#
#.#.##.<.<....
#.>..o@#
#.#.##.#.#####
...####$###.#.#....#
#...........##
#.#####.#.#.### #.#
#.#.#...#
#.#####.#.###.####
..........# #.....
########### ######


You could see an orc warrior and an orc.

Vanquished Creatures
  Menkaure (D:5)
  2 phantoms
  A centaur (D:5)
  3 scorpions (D:4)
  A human zombie (Ossuary)
  4 centaur zombies (Ossuary)
  2 bullfrog skeletons (D:5)
  A centaur skeleton (D:3)
  2 orc priests
  A quasit (D:4)
  A jelly (D:5)
  An iguana (D:3)
  A hound zombie (D:5)
  4 mummies (Ossuary)
  6 adders
  An ooze (D:3)
  A worm (D:2)
  3 dart slugs (D:1)
  4 leopard geckos
  18 orcs
  2 ball pythons
  5 giant cockroaches
  A gnoll zombie (Ossuary)
  9 hobgoblins
  13 jackals
  9 kobolds
  3 quokkas
  7 bats
  5 frilled lizards
  6 goblins
  A hobgoblin zombie (Ossuary)
  A kobold zombie (Ossuary)
  5 rats
125 creatures vanquished.

Notes
Turn   | Place    | Note
-------+----------+-------------------------------------------
     0 | D:1      | Buxparty the Mummy Gladiator began the quest for the Orb.
     0 | D:1      | Reached XP level 1. HP: 16/16 MP: 1/1
   253 | D:1      | You fall into a shaft and drop 1 floor!
   279 | D:2      | Reached XP level 2. HP: 20/22 MP: 2/2
   518 | D:1      | Reached XP level 3. HP: 24/28 MP: 3/3
  1803 | D:2      | Reached XP level 4. HP: 34/34 MP: 4/4
  2957 | D:4      | Found a sand-covered staircase.
  2966 | D:3      | Reached XP level 5. HP: 10/41 MP: 5/5
  3328 | Ossuary  | Entered an ossuary
  3768 | Ossuary  | Reached XP level 6. HP: 47/48 MP: 6/6
  4247 | D:4      | Reached XP level 7. HP: 19/55 MP: 7/7
  4521 | D:4      | HP: 1/55 [orc (3)]
  4868 | D:4      | Reached skill level 5 in Fighting
  4956 | D:4      | Found a shimmering altar of Xom.
  4959 | D:4      | Found a stormy altar of Qazlal.
  4959 | D:4      | Found an iron altar of Okawaru.
  4959 | D:4      | Found a snail-covered altar of Cheibriados.
  5144 | D:4      | Found an opulent altar of Gozag.
  5192 | D:4      | Became a worshipper of Gozag Ym Sagoz the Greedy
  5368 | D:5      | Entered Level 5 of the Dungeon
  5502 | D:5      | Reached skill level 1 in Armour
  5607 | D:5      | Noticed an air elemental
  5609 | D:5      | Found a stormy altar of Qazlal.
  5610 | D:5      | Noticed a water elemental
  5610 | D:5      | Noticed a fire elemental
  5621 | D:5      | Noticed Menkaure
  5631 | D:5      | Killed Menkaure
  5631 | D:5      | Reached XP level 8. HP: 9/63 MP: 8/8
  5909 | D:5      | Reached skill level 5 in Short Blades
  6594 | D:6      | HP: 2/64 [orc warrior/+0 glaive (6)]
  6596 | D:6      | Slain by an orc warrior

Levels and vault maps discovered:
D:1:      lemuel_arrival_room, layout_basic
D:2:      layout_basic, first_ration
D:3:      layout_loops_cross
D:4:      layout_rooms, grunt_temple_overflow_open,
          nicolae_ossuary_entry_monument, grunt_gozag_breadcrumbs
D:5:      layout_cave_pools, minmay_door_square, chequers_serial_rivers_large_a,
          nicolae_qazlal_style_of_elements, uniq_menkaure
D:6:      kennysheep_steamy, layout_loops_ring, kennysheep_ying_yang,
          vehumet_crystals, nicolae_ru_path_of_blood,
          ashenzari_conservatory_becter, gup_sewer_entry_spiral, hex_large

Skill      XL: |  1  2  3  4  5  6  7  8 |
---------------+-------------------------+-----
Short Blades   | 3 4 5 |  5.1
Dodging        | 3 4 |  4.5
Fighting       | 3 4 5 |  5.7
Armour         | 2 |  2.9
Throwing       | |  1.5

Action                   |  1- 3 |  4- 6 |  7- 9 || total
-------------------------+-------+-------+-------++-------
Melee: Rapier            |   128 |       |       ||   128
       Short sword       |    21 |   195 |   208 ||   424
Throw: Throwing net      |       |     1 |       ||     1
 Stab: Sleeping          |       |     1 |       ||     1
Armor: Leather armour    |    49 |    42 |     6 ||    97
       Chain mail        |       |       |    92 ||    92
Dodge: Dodged            |    90 |   104 |   107 ||   301
